 Dungeon Crawl Stone Soup version 0.30.0-29-ga12c61a403 (webtiles) character file.

Game seed: 13806581130450056556

1694 Fecro the Covert (level 8, 0/40 HPs)
             Began as a Spriggan Brigand on June 12, 2023.
             Was an Initiate of Dithmenos.
             Slain by a killer bee (4 damage)
             ... on level 6 of the Dungeon.
             The game lasted 00:49:17 (6432 turns).

Fecro the Covert (Spriggan Brigand)                 Turns: 6432, Time: 00:49:18

Health: 0/40       AC:  5    Str:  7    XL:     8   Next: 72%
Magic:  9/9        EV: 18    Int: 13    God:    Dithmenos [......]
Gold:   264        SH:  0    Dex: 18    Spells: 7/7 levels left

rFire   . . .        k - +0 sling
rCold   . . .        (no shield)
rNeg    . . .        C - +2 robe {Will+}
rPois   .            (helmet restricted)
rElec   .            c - +0 cloak
rCorr   .            (gloves unavailable)
SInv    +            (boots unavailable)
Will    ++...        (no amulet)
Stlth   +++++        (no ring)
HPRegen 0.26/turn    (no ring)
MPRegen 0.11/turn

%: no passive effects
@: lethally poisoned (0 -> -3), very quick
A: very small, no large weapons, unfitting armour, see invisible, speed 3
a: Renounce Religion


You were on level 6 of the Dungeon.
You worshipped Dithmenos.
Dithmenos was noncommittal.
You visited 2 branches of the dungeon, and saw 7 of its levels.

You collected 264 gold pieces.

Inventory:

Hand Weapons
 a - a +2 dagger
 k - a +0 sling (weapon)
Missiles
 d - 4 atropa-tipped darts
 e - 7 poisoned darts
 f - 61 stones
 G - a throwing net
Armour
 c - a +0 cloak (worn)
 C - a +2 robe of willpower (worn)
Jewellery
 t - an amulet of regeneration
 y - an amulet of the acrobat
 z - the ring "Riuthreku" {rElec rN+ Dex+3 SInv}
   (You found it on level 4 of the Dungeon)

   [ring of positive energy]

   Dex:       It affects your dexterity (+3).
   rElec:     It insulates you from electricity.
   rN:        It protects you from negative energy.
   SInv:      It lets you see invisible.
 A - an amulet of faith
 B - a ring of magical power
 F - a +4 ring of protection
Wands
 x - a wand of digging (6)
 J - a wand of charming (3)
Scrolls
 g - a scroll of vulnerability {unknown}
 i - 7 scrolls of identify {unknown}
 j - a scroll of fog {unknown}
 n - a scroll of immolation
 o - 3 scrolls of poison {unknown}
 q - 4 scrolls of teleportation {unknown}
 s - a scroll of acquirement {unknown}
 u - 2 scrolls of blinking {unknown}
 v - a scroll of butterflies {unknown}
 w - a scroll of amnesia {unknown}
 E - a scroll of noise {unknown}
Potions
 b - 2 potions of mutation {unknown}
 h - 2 potions of berserk rage {unknown}
 l - 2 potions of curing {unknown}
 m - 4 potions of attraction {unknown}
 p - a potion of invisibility {unknown}
 r - 4 potions of lignification {unknown}
 D - a potion of haste {unknown}
 H - a potion of magic {unknown}
 I - a potion of heal wounds {unknown}


   Skills:
 + Level 3.1 Fighting
 + Level 4.6 Short Blades
 + Level 5.6 Ranged Weapons
 - Level 6.0 Throwing
 + Level 2.8 Dodging
 - Level 10.1 Stealth
 * Level 0.2 Spellcasting


You had 7 spell levels left.
You didn't know any spells.
Your spell library contained the following spells:

 Spells                   Type           Power      Damage    Failure   Level
 Blink                    Tloc           0%         N/A       43%         2
 Lesser Beckoning         Tloc           0%         N/A       43%         2
 Momentum Strike          Conj/Tloc      0%         3d8       43%         2
 Tukima's Dance           Hex            0%         N/A       67%         3
 Passage of Golubria      Tloc           0%         N/A       97%         4
 Yara's Violent Unravell  Hex/Tmut       0%         3d3       100%        5


Dungeon Overview and Level Annotations

Branches:
Dungeon (6/15)             Temple (1/1) D:5

Altars:
Ashenzari
Cheibriados
Dithmenos
Elyvilon
Kikubaaqudgha
Nemelex Xobeh
Ru
Uskayaw
Vehumet
Xom


Innate Abilities, Weirdness & Mutations

You are very small and have problems with some larger weapons.
You are too small for most types of armour.
You have supernaturally acute eyesight. (SInv)
You cover ground extremely quickly. (Speed+++)


Message History

The killer bee attacks as you move away!
The killer bee completely misses you. The killer bee misses you.
The killer bee stings you.
You see here a +0 dagger.
The killer bee stings you!
You are poisoned.
The killer bee poisons you!
You feel sick.
You feel sick.
You feel sick.
You feel sick. The killer bee misses you.
The killer bee attacks as you move away!
The killer bee completely misses you.
You feel sick.
You feel sick.
The killer bee attacks as you move away!
The killer bee stings you.
Things that are here:
a +0 whip; a kobold skeleton You feel sick.
You are no longer poisoned.
The killer bee stings you.
* * * LOW HITPOINT WARNING * * *
You are poisoned.
The killer bee poisons you!
* * * LOW HITPOINT WARNING * * *
You feel sick.
* * * LOW HITPOINT WARNING * * *
You feel sick.
* * * LOW HITPOINT WARNING * * *
You feel sick.
* * * LOW HITPOINT WARNING * * *
You feel sick.
* * * LOW HITPOINT WARNING * * *
You feel sick. The killer bee barely misses you.
* * * LOW HITPOINT WARNING * * *
You feel sick.
The killer bee attacks as you move away!
The killer bee stings you.
You die...

#...yy....#
#y#########
#.# #.#
#.###########
#.....y.y..y#
###########.#
#y# #@# #.#
#.# #.# #.#
#.# #.# #.#
#<#


You could see 2 killer bees.

Vanquished Creatures
  Pikel (D:4)
  Grinder (D:4)
  Sigmund (D:4)
  A sky beast (D:5)
  A black bear (D:4)
  An ogre (D:5)
  2 lemures (D:4)
  A kobold brigand (D:6)
  2 scorpions
  3 hounds
  A jelly (D:4)
  4 iguanas (D:5)
  An orc wizard (D:3)
  Robin (D:2)
  7 gnolls
  5 adders
  A shadow imp (D:6)
  2 ufetubi (D:4)
  2 worms (D:4)
  10 orcs
  6 ball pythons
  2 bats
  5 endoplasms
  18 goblins
  6 hobgoblins
  5 jackals
  13 kobolds
  4 quokkas
  A frilled lizard (D:1)
  3 rats (D:1)
111 creatures vanquished.

Notes
Turn   | Place    | Note
-------+----------+-------------------------------------------
     0 | D:1      | Fecro the Spriggan Brigand began the quest for the Orb.
     0 | D:1      | Reached XP level 1. HP: 10/10 MP: 2/2
   148 | D:1      | Reached skill level 6 in Stealth
   331 | D:1      | Reached XP level 2. HP: 14/14 MP: 3/3
   534 | D:1      | Found a faded altar of an unknown god.
   560 | D:1      | Reached skill level 7 in Stealth
   819 | D:1      | Reached XP level 3. HP: 18/18 MP: 4/4
  1452 | D:2      | Reached XP level 4. HP: 14/23 MP: 5/5
  1835 | D:3      | Noticed Robin
  2033 | D:2      | Killed Robin
  2034 | D:2      | Reached skill level 1 in Ranged Weapons
  2284 | D:3      | Reached skill level 8 in Stealth
  2284 | D:3      | Reached XP level 5. HP: 4/26 MP: 6/6
  3092 | D:4      | Identified the ring "Riuthreku" {rElec rN+ Dex+3 SInv}
  3164 | D:4      | Noticed a black bear
  3167 | D:4      | Killed a black bear
  3168 | D:4      | Reached skill level 9 in Stealth
  3168 | D:4      | Reached XP level 6. HP: 30/30 MP: 7/7
  3176 | D:4      | Noticed Sigmund
  3180 | D:4      | Killed Sigmund
  3199 | D:4      | Noticed Grinder
  3344 | D:4      | Noticed Pikel
  3828 | D:4      | Reached skill level 10 in Stealth
  3828 | D:4      | Reached XP level 7. HP: 35/35 MP: 8/8
  4326 | D:4      | Killed Pikel
  4327 | D:4      | Reached XP level 8. HP: 39/39 MP: 9/9
  4476 | D:4      | Paralysed by Grinder for 4 turns
  4519 | D:4      | Killed Grinder
  4520 | D:4      | Reached skill level 5 in Throwing
  4620 | D:5      | Entered Level 5 of the Dungeon
  4662 | D:5      | Found a shimmering altar of Xom.
  4798 | D:5      | Reached skill level 5 in Ranged Weapons
  4837 | D:5      | Found a sacrificial altar of Ru.
  4839 | D:5      | Found a sparkling altar of Nemelex Xobeh.
  5147 | D:5      | Found a staircase to the Ecumenical Temple.
  5156 | Temple   | Entered the Ecumenical Temple
  5173 | Temple   | Became a worshipper of Dithmenos the Shadowed
  5740 | D:6      | Noticed a two-headed ogre
  5892 | D:6      | Found a broken altar of Ashenzari.
  6432 | D:6      | Slain by a killer bee

Illustrated notes

Levels and vault maps discovered:
D:1:      lightli_arrival_quake, layout_loops_corners,
          hellmonk_ecumenical_altar_blasted, dreamdust_princess_corridor,
          minmay_crystal_water
D:2:      layout_loops_ring, minmay_misc_feat_room
D:3:      layout_rooms, kennysheep_generic_room_16, uniq_robin
D:4:      layout_loops_ring, minmay_misc_feat_roman, feat_on_display,
          uniq_pikel, uniq_sigmund, uniq_grinder
D:5:      layout_gridville, lemuel_tele_altar, grunt_temple_overflow_open,
          minmay_temple_entry_statues_pillars
D:6:      layout_basic, ashenzari_altar_1, kb_rosetta, uniq_blork_the_orc
Temple:   nicolae_temple_bog_church

Skill      XL: |  1  2  3  4  5  6  7  8 |
---------------+-------------------------+-----
Stealth        | 6 7 8 9 10 | 10.1
Fighting       | 2 3 |  3.1
Ranged Weapons | 1 3 5 |  5.6
Short Blades   | 3 4 |  4.6
Dodging        | 2 |  2.8
Throwing       | 3 4 6 |  6.0
Spellcasting   | |  0.2

Action                     |  1- 3 |  4- 6 |  7- 9 || total
---------------------------+-------+-------+-------++-------
  Melee: Dagger            |    66 |   164 |   100 ||   330
         Punch             |       |     1 |     1 ||     2
   Fire: Sling             |    14 |    14 |   117 ||   145
  Throw: Dart              |    10 |    49 |    59 ||   118
         Stone             |       |       |     3 ||     3
         Throwing net      |       |       |     1 ||     1
   Stab: Sleeping          |     9 |    14 |     3 ||    26
 Armour: Robe              |     7 |    22 |    15 ||    44
  Dodge: Dodged            |    27 |   120 |    89 ||   236
